 Dungeon Crawl Stone Soup version 0.26-a0-712-ga5a9c9c9d0 (webtiles) character file.

Game seed: 14119807812882927320

63 kae the Insei (level 4, -11/26 HPs)
             Began as a Tengu Transmuter on Nov 12, 2020.
             Mangled by an iguana (12 damage)
             ... on level 1 of the Dungeon.
             The game lasted 00:01:21 (2007 turns).

kae the Insei (Tengu Transmuter)                    Turns: 2007, Time: 00:01:22

Health: -11/26     AC:  3    Str: 11    XL:     4   Next: 9%
Magic:  2/8        EV: 12    Int: 14    God:
Gold:   103        SH:  0    Dex: 14    Spells: 3/7 levels left

rFire    + . .     SeeInvis .     - Unarmed
rCold    + . .     Faith    .   (no shield)
rNeg     . . .     Spirit   .   a - +0 robe
rPois    +         Reflect  .   (helmet restricted)
rElec    +         Harm     .   (no cloak)
rCorr    +         Rampage  .   d - +0 pair of gloves
MR       .....                  (boots unavailable)
Stlth    +.........             (no amulet)
HPRegen  0.08/turn              (no ring)
MPRegen  0.11/turn              (no ring)

@: lethally poisoned (-11 -> -13), resistant, very slightly contaminated
A: beak, talons 3
a: no special abilities


You were on level 1 of the Dungeon.
You visited 1 branch of the dungeon, and saw 2 of its levels.

You collected 103 gold pieces.

Inventory:

Armour
 a - a +0 robe (worn)
 d - a +0 pair of gloves (worn)
Scrolls
 b - 3 scrolls of identify {unknown}
 e - 2 scrolls of remove curse {unknown}
 h - a scroll of fear {unknown}
 j - a scroll of blinking {unknown}


   Skills:
 + Level 1.9 Fighting
 - Level 2.1 Dodging
 + Level 3.8 Unarmed Combat
 - Level 2.0 Spellcasting
 * Level 2.7 Transmutations


You had 3 spell levels left.
You knew the following spells:

 Your Spells              Type           Power        Failure   Level
a - Beastly Appendage     Tmut           #.....       8%          1
b - Spider Form           Tmut/Pois      #.........   38%         3

Your spell library contained the following spells:

 Spells                   Type           Power        Failure   Level
 Wereblood                Tmut           #.......     12%         2
 Ice Form                 Ice/Tmut       #.......     80%         4
 Blade Hands              Tmut           #.........   91%         5


Dungeon Overview and Level Annotations

Branches:
Dungeon (2/15)

Altars:


Innate Abilities, Weirdness & Mutations

You have a beak for a mouth.
You have claws for feet.


Message History

Sorry, you're not good enough to have a special ability.
Okay, then.
Casting: Spider Form (extremely dangerous; 38% risk of failure)
Confirm with . or Enter, or press ? or * to list all spells.
The spell is extremely dangerous to cast (38% risk of failure)!
Continue anyway? [Y]es or [N]o only, please.
The spell is extremely dangerous to cast (38% risk of failure)!
Continue anyway?
You miscast Spider Form.
Your limbs ache and wobble like jelly.
You feel sick. The iguana bites you.
You feel sick.
There is a stone staircase leading up here.
You feel sick. The iguana bites you!
* * * LOW HITPOINT WARNING * * *
You climb upwards.
There is a stone staircase leading down here.
It was a potion of resistance.
You feel protected.
* * * LOW HITPOINT WARNING * * *
You feel sick. The iguana bites you!
You die...

#.#.# #.#.#######..####
#.#.# #.#.#.....#..#
#.#.# #.#.#.###.#..#
#.#.# #.#.#.# #.#..#
#.#.# #.#.#.# #)#..#
#.#.###.#.#.###.#..#
#.#.............#..#
####.######.########..#
........)......l@.....#
##.########.##.######.#
#.# ###...........#
##.######.#.#.#.#######
..........)......#
##.######.##'##.## ...#
#..#...#..#
##.######.'...+.##
.#........#...#..#


You could see an iguana.

Vanquished Creatures
  An adder (D:2)
  A worm (D:2)
  A dart slug (D:2)
  A leopard gecko (D:1)
  A ball python (D:1)
  6 bats
  8 giant cockroaches (D:2)
  4 hobgoblins
  A quokka (D:2)
  3 frilled lizards
  7 goblins
  2 kobolds
  9 rats
45 creatures vanquished.

Notes
Turn   | Place    | Note
-------+----------+-------------------------------------------
     0 | D:1      | kae the Tengu Transmuter began the quest for the Orb.
     0 | D:1      | Reached XP level 1. HP: 12/12 MP: 4/4
   164 | D:1      | Reached XP level 2. HP: 10/16 MP: 4/6
  1027 | D:1      | Reached XP level 3. HP: 20/20 MP: 7/7
  1268 | D:1      | Learned a level 3 spell: Spider Form
  1809 | D:2      | Reached XP level 4. HP: 22/26 MP: 6/8
  2007 | D:1      | HP: 1/26 [poisoned by miscasting Spider Form]
  2007 | D:1      | Mangled by an iguana

Illustrated notes

Levels and vault maps discovered:
D:1:      tarquinn_simple_flora_water_a, layout_basic, minmay_misc_feat_doors
D:2:      minmay_roachtagon, layout_basic, minmay_joined_circles

Skill      XL: |  1  2 |
---------------+-------+-----
Transmutations | 2 |  2.7
Fighting       | |  1.9
Dodging        | |  2.1
Unarmed Combat | |  3.8
Spellcasting   | |  2.0

Action                   |  1- 3 |  4- 6 || total
-------------------------+-------+-------++-------
Melee: Unarmed           |   105 |    16 ||   121
       Kick              |    26 |     1 ||    27
       Headbutt          |     1 |       ||     1
       Peck              |    11 |       ||    11
 Cast: Beastly Appendage |    19 |       ||    19
       Spider Form       |       |     1 ||     1
  Use: Potion            |       |     5 ||     5
 Stab: Sleeping          |     1 |       ||     1
Armor: Robe              |    23 |     1 ||    24
Dodge: Dodged            |    71 |    15 ||    86

Table legend: (Time is in decaauts)
 A = Elapsed time spent in this place.
 B = Non-inter-level travel time spent in this place.
 C = Inter-level travel time spent in this place.
 D = Time resting spent in this place.
 E = Time spent auto-exploring this place.
 F = Levels seen in this place.
 G = Mean time per level.
                   A        B        C        D        E       F      G
               +--------+--------+--------+--------+--------+-----+--------+
         Total |   1998 |   1979 |     19 |      3 |   1649 |   2 |  999.0 |
       Dungeon |   1998 |   1979 |     19 |      3 |   1649 |   2 |  999.0 |
               +--------+--------+--------+--------+--------+-----+--------+

Top non-repeatable levels by time:
     D:1: 1285 daAuts
     D:2: 712 daAuts
